 Dungeon Crawl Stone Soup version 0.30-a0-1008-g30c9307041 (webtiles) character file.

Game seed: 15193464780368636534

893 retardedninja the Chopper (level 8, 0/111 HPs)
             Began as a Naga Fighter on Apr 5, 2023.
             Was an Initiate of Hepliaklqana.
             Slain by a gnoll sergeant
             ... wielding a +3 vampiric spear
              (4 damage)
             ... on level 5 of the Dungeon.
             The game lasted 00:06:51 (5819 turns).

retardedninja the Chopper (Naga Fighter)            Turns: 5819, Time: 00:06:52

Health: 0/111      AC: 24    Str: 27    XL:     8   Next: 6%
Magic:  8/8        EV:  1    Int:  8    God:    Hepliaklqana [......]
Gold:   245        SH:  5    Dex: 11    Spells: 7/7 levels left

rFire   . . .      SeeInvis +    a - +0 war axe
rCold   . . .      Faith    .    c - +0 buckler
rNeg    . . .      Spirit   .    p - melded +0 chain mail
rPois   +          Reflect  .    (helmet currently unavailable)
rElec   .          Rampage  .    y - melded +2 cloak
rCorr   .          NoTele   +    (gloves currently unavailable)
Will    +....                    (no barding)
Stlth   +                        (no amulet)
HPRegen 0.38/turn                u - +6 ring of strength
MPRegen 0.11/turn                (no ring)

@: tree-form (expiring)
A: stationary, stasis, torment immunity, boosted hp, AC +2, large, see
invisible, (deformed body), (poison resistance), (slowness 2), spit poison 1,
(naga tail 1)
a: Spit Poison, Renounce Religion


You were on level 5 of the Dungeon.
You worshipped Hepliaklqana.
Hepliaklqana was noncommittal.
You were a tree.
You visited 2 branches of the dungeon, and saw 6 of its levels.

You collected 245 gold pieces.

Inventory:

Hand Weapons
 a - a +0 war axe (weapon)
Armour
 c - a +0 buckler (worn)
 p - a +0 chain mail (melded)
 y - a +2 cloak (melded)
Jewellery
 u - a +6 ring of strength (left branch)
 z - a ring of protection from fire
Wands
 q - a wand of polymorph (6)
 A - a wand of digging (5)
Scrolls
 b - a scroll of brand weapon {unknown}
 e - a scroll of acquirement {unknown}
 f - a scroll of torment {unknown}
 g - 3 scrolls of teleportation
 h - 2 scrolls of magic mapping {unknown}
 i - 2 scrolls of identify
 l - a scroll of noise {unknown}
 r - 2 scrolls of enchant armour
 s - a scroll of immolation {unknown}
 x - a scroll of blinking {unknown}
Potions
 d - a potion of heal wounds {unknown}
 j - 2 potions of brilliance {unknown}
 o - a potion of degeneration
 t - a potion of attraction {unknown}
 w - a potion of mutation {unknown}


   Skills:
 + Level 5.0 Fighting
 * Level 5.8 Axes
 + Level 4.1 Armour
 + Level 4.4 Shields


You had 7 spell levels left.
You didn't know any spells.
Your spell library contained the following spells:

 Spells                   Type           Power      Damage    Failure   Level
 Freeze                   Ice            0%         1d3       47%         1
 Sandblast                Erth           0%         2d4       47%         1
 Passwall                 Tmut/Erth      0%         N/A       63%         2
 Call Canine Familiar     Summ           0%         N/A       85%         3
 Frozen Ramparts          Ice            0%         1d1       85%         3
 Hailstorm                Conj/Ice       0%         3d3       85%         3
 Ignite Poison            Fire/Tmut/Pois 0%         N/A       85%         3
 Portal Projectile        Hex/Tloc       0%         N/A       85%         3
 Stone Arrow              Conj/Erth      0%         3d7       85%         3
 Animate Armour           Summ/Erth      0%         N/A       99%         4
 Leda's Liquefaction      Hex/Erth       0%         N/A       99%         4
 Sticky Flame             Conj/Fire      0%         2d3       99%         4
 Ignition                 Fire           0%         3d3       100%        8
 Lehudib's Crystal Spear  Conj/Erth      0%         10d2      100%        8


Dungeon Overview and Level Annotations

Branches:
Dungeon (5/15)             Temple (1/1) D:5

Altars:
Ashenzari
Cheibriados
Elyvilon
Fedhas
Gozag
Hepliaklqana
Kikubaaqudgha
Makhleb
Nemelex Xobeh
Okawaru
Ru
Sif Muna
Uskayaw
Vehumet
Wu Jian
Xom
Zin
The Shining One


Innate Abilities, Weirdness & Mutations

You are a tree.
Your roots penetrate the ground, keeping you stationary.
You cannot be teleported.
You are immune to unholy pain and torment.
Your maximum health is greatly increased.
Your equipment is partially melded.
((Your serpentine skin is tough. (AC +2)))
You have supernaturally acute eyesight. (SInv)
((Armour fits poorly on your strangely shaped body.))
((Your system is resistant to poisons. (rPois)))
((You cover ground very slowly.))
You can spit poison.
((You have a snake-like lower body.))


Message History

You hit the gnoll sergeant.
The gnoll sergeant is heavily wounded.
You slash the gnoll!
You kill the gnoll!
The gnoll sergeant hits you with a +3 vampiric spear.
* * * LOW HITPOINT WARNING * * *
The gnoll sergeant draws strength from your wounds!
You closely miss the gnoll sergeant.
The gnoll sergeant is heavily wounded.
The gnoll sergeant hits you with a +3 vampiric spear.
* * * LOW HITPOINT WARNING * * *
The gnoll sergeant draws strength from your wounds!
Unknown command.
You slash the gnoll sergeant!
The gnoll sergeant is severely wounded.
The gnoll sergeant hits you but does no damage. x2
Unknown command.
Unknown command.
You barely miss the gnoll sergeant.
The gnoll sergeant is severely wounded.
Your transformation is almost over.
The gnoll sergeant hits you but does no damage.
Unknown command.
You hit the gnoll sergeant.
The gnoll sergeant is almost dead.
The gnoll sergeant hits you but does no damage.
You closely miss the gnoll sergeant.
The gnoll sergeant is almost dead.
The gnoll sergeant hits you with a +3 vampiric spear!
* * * LOW HITPOINT WARNING * * *
The gnoll sergeant draws strength from your wounds!
Unknown command.
Unknown command.
You barely miss the gnoll sergeant.
The gnoll sergeant is heavily wounded.
The gnoll sergeant hits you with a +3 vampiric spear.
* * * LOW HITPOINT WARNING * * *
The gnoll sergeant draws strength from your wounds!
The gnoll sergeant hits you with a +3 vampiric spear.
You die...

....###'### #.....
.........# #..... ........#
#..... .......# #.....
#......###### ###.....
#......#....##.#.......
#......#.......#.......
#.#'####.......#.......
######†...g♣'.......#.......
#.....#...)##'#######.......
#.....#....#........).......
#.....#....#.........#######
#.....#'####.........#....^#
#....................#......
#....................#......
######......######'#########
#......#..b....#.......


You could see a gnoll sergeant.

Vanquished Creatures
  Eustachio (D:5)
  Duvessa (D:5)
  A black bear (D:5)
  A phantom (D:4)
  A gnoll sergeant (D:5)
  Dowan (D:5)
  2 howler monkeys (D:5)
  A crimson imp (D:5)
  A hound (D:5)
  A jelly (D:5)
  An orc wizard (D:4)
  7 gnolls
  3 adders
  A dart slug (D:1)
  6 orcs
  7 ball pythons
  3 bats
  8 endoplasms
  4 giant cockroaches
  7 goblins
  5 hobgoblins
  6 jackals (D:2)
  5 quokkas
  4 frilled lizards
  7 kobolds
  5 rats
90 creatures vanquished.

Notes
Turn   | Place    | Note
-------+----------+-------------------------------------------
     0 | D:1      | retardedninja the Naga Fighter began the quest for the Orb.
     0 | D:1      | Reached XP level 1. HP: 21/21 MP: 1/1
    58 | D:1      | Found a faded altar of an unknown god.
   108 | D:1      | Reached XP level 2. HP: 21/28 MP: 2/2
   612 | D:1      | Reached XP level 3. HP: 34/34 MP: 3/3
  1370 | D:2      | Reached XP level 4. HP: 37/42 MP: 4/4
  2136 | D:3      | Identified the +3 whip of Foolhardiness {pain, rElec rC+}
  2171 | D:3      | Found a white marble altar of Elyvilon.
  2287 | D:3      | Found an ornate altar of the Wu Jian Council.
  2337 | D:3      | Identified the +3 dagger "Eviscerator" {vamp, *Rage +Blink
                  | rF- Dex+8}
  2811 | D:4      | Reached XP level 5. HP: 45/50 MP: 5/5
  2860 | D:4      | Noticed a phantom
  2885 | D:4      | Killed a phantom
  3156 | D:5      | Entered Level 5 of the Dungeon
  3157 | D:5      | Noticed Eustachio
  3178 | D:5      | Killed Eustachio
  3179 | D:5      | Reached XP level 6. HP: 27/57 MP: 6/6
  3300 | D:5      | Noticed Dowan
  3300 | D:5      | Noticed Duvessa
  3316 | D:5      | Killed Duvessa
  3316 | D:5      | Killed Dowan
  3317 | D:5      | Reached XP level 7. HP: 22/66 MP: 7/7
  4088 | D:4      | Reached skill level 5 in Axes
  5036 | D:5      | Found a staircase to the Ecumenical Temple.
  5076 | Temple   | Entered the Ecumenical Temple
  5436 | D:5      | Found a hazy altar of Hepliaklqana.
  5477 | D:5      | Became a worshipper of Hepliaklqana the Forgotten
  5539 | D:5      | Found a burning altar of Makhleb.
  5697 | D:5      | Reached XP level 8. HP: 73/73 MP: 8/8
  5732 | D:5      | Reached skill level 5 in Fighting
  5819 | D:5      | HP: 4/111 [gnoll sergeant/+3 vampiric spear (6)]
  5819 | D:5      | Slain by a gnoll sergeant

Illustrated notes

Levels and vault maps discovered:
D:1:      wander_arrival_lonely_grave, layout_basic,
          hellmonk_ecumenical_altar_lost_god, minmay_heptomino_o4
D:2:      layout_loops_corners, chequers_serial_rivers_small_3,
          kennysheep_generic_room_6
D:3:      layout_rooms, mainiacjoe_overflow_concentric_impassable,
          lemuel_doored_altar
D:4:      layout_rooms
D:5:      layout_gridville, worldfamousw_hep_ancestral_shrine,
          makhleb_grotto_becter, temple_pool_b, uniq_eustachio, uniq_duvessa
Temple:   nicolae_temple_great_sept

Skill      XL: |  1  2  3  4  5  6  7  8 |
---------------+-------------------------+-----
Shields        | 3 4 |  4.4
Axes           | 3 4 5 |  5.8
Armour         | 3 4 |  4.1
Fighting       | 4 5 |  5.0

Action                     |  1- 3 |  4- 6 |  7- 9 || total
---------------------------+-------+-------+-------++-------
  Melee: War axe           |    94 |   143 |    85 ||   322
    Use: Scroll            |       |     9 |     1 ||    10
         Potion            |       |     4 |     5 ||     9
 Armour: Scale mail        |    28 |       |       ||    28
         Chain mail        |    24 |   138 |    60 ||   222
         Skin              |       |       |    15 ||    15
  Dodge: Dodged            |    32 |    44 |    41 ||   117
  Block: Buckler           |    20 |    53 |    25 ||    98

Table legend: (Time is in decaauts)
 A = Elapsed time spent in this place.
 B = Non-inter-level travel time spent in this place.
 C = Inter-level travel time spent in this place.
 D = Time resting spent in this place.
 E = Time spent auto-exploring this place.
 F = Levels seen in this place.
 G = Mean time per level.
                   A        B        C        D        E       F      G
               +--------+--------+--------+--------+--------+-----+--------+
         Total |   7162 |   6985 |    177 |   1651 |   4307 |   6 | 1193.7 |
       Dungeon |   7046 |   6885 |    161 |   1651 |   4225 |   5 | 1409.2 |
        Temple |    115 |     99 |     16 |      0 |     81 |   1 |  115.0 |
               +--------+--------+--------+--------+--------+-----+--------+

Top non-repeatable levels by time:
     D:5: 1763 daAuts
     D:4: 1670 daAuts
     D:2: 1409 daAuts
     D:1: 1273 daAuts
     D:3: 929 daAuts
  Temple: 115 daAuts
